AoeStats
← bobozius

Nomad

510361150Analyzed
2v2 RM · 18h ago on Sep 30, 2026· 48m 21s· 4 players
Game mode
Random Map
Map size
176×176
Population
200
Speed
Normal
Resources
Standard
Victory
Conquest
Starting age
Dark Age
Ending age
Imperial Age
RankedLock teamsTeams togetherTeam positionsShared explorationLock speedFull tech treeHidden civsTurbo modeCheats
Victory
Defeat
786
+13
🇩🇪 Bulgarians · Germany
642
+19
🇩🇪 Vietnamese · Germany
718
-16
🇺🇸 Persians · United States
716
-16
bobozius
15:41 Feudal Age
17:07 Wheelbarrow
17:16 Double-Bit Axe
17:14 Horse Collar
17:19 Fishing Lines
20:40 Gold Mining
20:43 Stone Mining
23:11 Castle Age
23:20 Elite Skirmisher
25:05 Stone Shaft Mining
24:23 Man-at-Arms
28:45 Fletching
28:36 Elite Skirmisher
31:05 Forging
32:05 Hand Cart
33:28 Bow Saw
34:39 Gillnets
35:50 Heavy Plow
37:16 Treadmill Crane
37:43 Padded Archer Armor
38:30 Town Watch
39:57 Bloodlines
39:42 Light Cavalry
43:02 Bodkin Arrow
43:23 Leather Archer Armor
43:59 Town Patrol
44:55 Iron Casting
48:16 Imperial Age
Natearthur123
23:59 Feudal Age
23:03 Loom
31:18 Castle Age
31:59 Bloodlines
31:52 Husbandry
32:05 Forging
32:01 Scale Barding Armor
32:41 Fletching
35:03 Gold Mining
37:47 Gold Shaft Mining
45:17 Bodkin Arrow
46:37 Chain Barding Armor
Beast of no Nation
12:50 Loom
17:07 Feudal Age
17:54 Horse Collar
18:09 Double-Bit Axe
20:27 Scale Mail Armor
22:35 Forging
23:08 Fishing Lines
25:10 Wheelbarrow
28:17 Castle Age
27:14 Arson
33:15 Scale Barding Armor
33:46 Iron Casting
34:48 Chain Barding Armor
37:36 Bloodlines
38:08 Bow Saw
38:17 Hand Cart
38:24 Fletching
38:52 Chain Mail Armor
42:23 Bodkin Arrow
44:53 Ballistics
44:30 Murder Holes
47:44 Gold Mining
47:45 Stone Mining
andresfelipegarciamacias2001
3:39 Loom
16:56 Feudal Age
17:21 Man-at-Arms
17:50 Double-Bit Axe
18:00 Gold Mining
17:55 Horse Collar
20:16 Forging
20:28 Scale Mail Armor
29:40 Castle Age
27:27 Town Watch
28:00 Arson
29:04 Fletching
29:15 Padded Archer Armor
31:19 Crossbowman
34:07 Ballistics
34:01 Stone Mining
34:51 Gold Shaft Mining
34:47 Bow Saw
35:05 Heavy Plow
35:14 Town Patrol
35:27 Squires
36:07 Iron Casting
35:28 Bodkin Arrow
35:48 Leather Archer Armor
35:49 Chain Mail Armor
36:30 Long Swordsman
42:08 Imperial Age
42:10 Arbalester
42:58 Bracer
43:59 Blast Furnace
43:30 Ring Archer Armor
43:48 Plate Mail Armor
43:00 Capped Ram
45:14 Chemistry
43:46 Two-Handed Swordsman
45:15 Siege Ram
45:55 Elite Berserk
48:00 Champion
Connection lost

Rejoining the realm…

Still unreachable

The connection could not be restored.

Session expired

The server has moved on; the page needs a fresh start.